 Dungeon Crawl Stone Soup version 0.31-a0-217-g58bb5d79cf (webtiles) character file.

Game seed: 17440664905197335175

70 qw the Chopper (level 4, 0/28 HPs)
             Began as a Gargoyle Fighter on July 2, 2023.
             Slain by a gnoll
             ... wielding a +0 whip
              (3 damage)
             ... on level 3 of the Dungeon.
             The game lasted 00:01:00 (2038 turns).

qw the Chopper (Gargoyle Fighter)                   Turns: 2038, Time: 00:01:00

Health: 0/28       AC: 12    Str: 21    XL:     4   Next: 22%
Magic:  4/4        EV:  7    Int:  9    God:
Gold:   69         SH:  0    Dex:  9    Spells: 3/3 levels left

rFire   . . .        Y - +0 war axe
rCold   . . .        c - +0 buckler
rNeg    + . .        a - +0 chain mail
rPois   inf          (no helmet)
rElec   +            (no cloak)
rCorr   .            (no gloves)
SInv    .            (no boots)
Will    .....        (no amulet) Stlth
                     (no ring)
HPRegen 0.24/turn    (no ring)
MPRegen 0.09/turn

%: no passive effects
@: confused
A: sickness immunity, AC +3, negative energy resistance 1, electricity
resistance, torment resistance 1, petrification resistance
a: no special abilities


You were on level 3 of the Dungeon.
You visited 1 branch of the dungeon, and saw 3 of its levels.

You collected 69 gold pieces.


Innate Abilities, Weirdness & Mutations

You are immune to sickness and miasma.
Your stone body is resilient. (AC +3)
You are immune to poison.
You resist negative energy. (rN+)
You are resistant to electric shocks. (rElec)
You are resistant to unholy torment.
You are immune to petrification.


   Skills:
 - Level 3.2 Fighting
 + Level 4.0 Axes
 - Level 3.2 Armour
 - Level 3.2 Shields


You had 3 spell levels left.
You didn't know any spells.
Your spell library was empty.

Inventory:

Hand Weapons
 i - a +0 mace
 Y - a +0 war axe (weapon)
Armour
 a - a +0 chain mail (worn)
 c - a +0 buckler (worn)
Scrolls
 h - a scroll of identify
Potions
 d - 3 potions of might
 e - a potion of berserk rage {unknown}
 f - a potion of experience {unknown}
 g - a potion of heal wounds {unknown}
 k - a potion of magic {unknown}

Dungeon Overview and Level Annotations

Branches:
Dungeon (3/15)

Altars:
Vehumet

Annotations:
D:3 Sigmund


Message History

The adder bites you but does no damage. The gnoll hits you but does no damage.
Sigmund drinks a potion.
Sigmund's spells are empowered!
You block the goblin's attack.
The gnoll moves out of view.
You slash the goblin!
You kill the goblin!
You hit the gnoll. You hit the adder. The adder bites you.
The gnoll hits you but does no damage.
Sigmund points at you and mumbles some strange words.
The puff of flame hits you! The adder bites you.
You slash the gnoll!
The gnoll is almost dead.
You hit the adder.
An adder comes into view.
The gnoll hits you with a +0 whip. The adder barely misses you.
The adder hisses angrily.
You hit the gnoll but do no damage.
The gnoll is almost dead.
You slash the adder!
You kill the adder!
You hear a shout!
The gnoll hits you with a +0 whip.
A hobgoblin comes into view.
Sigmund gestures at you while chanting.
You are confused.
The gnoll completely misses you.
Sigmund zaps a wand.
The puff of flame hits you but does no damage.
Your Axes skill increases to level 4!
The gnoll hits you but does no damage. The gnoll hits you but does no damage.
Sigmund zaps a wand.
The puff of flame hits you but does no damage.
The gnoll hits you but does no damage.
Sigmund casts a spell.
Sigmund flickers and vanishes!
Deactivating autopickup; reactivate with Ctrl-A.
You hear a shout!
The adder closely misses you.
A gnoll comes into view. It is wielding a +0 flail.
The gnoll hits you with a +0 whip. Something hits you.
The adder bites you but does no damage. x2; The gnoll hits you with a +0 whip.
You die...

#.... #...<
##....#########
#..........$..#
.....$.......
...........
#..g......
####.@S{.....
#..<..g......
####.......g.
####.###.# .# #
.# #


You could see 2 gnolls, an adder and a hobgoblin.

Vanquished Creatures
  An adder (D:3)
  A worm (D:2)
  3 dart slugs (D:1)
  4 ball pythons
  A bat (D:1)
  6 endoplasms
  7 giant cockroaches
  5 goblins
  2 hobgoblins
  6 kobolds
  3 quokkas (D:1)
  4 frilled lizards
  4 rats
47 creatures vanquished.

Notes
Turn   | Place    | Note
-------+----------+-------------------------------------------
     0 | D:1      | qw the Gargoyle Fighter began the quest for the Orb.
     0 | D:1      | Reached XP level 1. HP: 14/14 MP: 1/1
     0 | D:1      | 0 ||| qw: Version: 0.3-a-40-ge99b1a8
     0 | D:1      | 0 ||| qw: Game counter: 25
     0 | D:1      | 0 ||| qw: Melee chars always use a shield: true
     0 | D:1      | 0 ||| qw: God list: Okawaru
     0 | D:1      | 0 ||| qw: Allow faded altars: false
     0 | D:1      | 0 ||| qw: Do Orc after clearing Dungeon:15 true
     0 | D:1      | 0 ||| qw: Do second Lair branch before Depths: true
     0 | D:1      | 0 ||| qw: Lair rune preference: random
     0 | D:1      | 0 ||| qw: Goals: Normal, Zot:1-4, Slime:5, God:TSO, Crypt,
                  | Tomb, Abyss, Pan, Hells, Win
     0 | D:1      | 0 ||| PLANNING D:1-11
    53 | D:1      | Reached skill level 2 in Axes
   235 | D:1      | 235 ||| Stepping ~*~*~tactically~*~*~ (hiding).
   383 | D:1      | Reached XP level 2. HP: 12/19 MP: 2/2
   586 | D:1      | 586 ||| Stepping ~*~*~tactically~*~*~ (hiding).
   645 | D:1      | 645 ||| Stepping ~*~*~tactically~*~*~ (hiding).
   771 | D:1      | Reached skill level 3 in Axes
   843 | D:1      | Reached XP level 3. HP: 23/23 MP: 3/3
   903 | D:1      | 903 ||| Stepping ~*~*~tactically~*~*~ (stealth).
   906 | D:1      | 906 ||| Stepping ~*~*~tactically~*~*~ (hiding).
  1148 | D:1      | 1148 ||| DROPPING +0 whip.
  1443 | D:1      | 1443 ||| DROPPING amulet of magic regeneration.
  1444 | D:1      | 1444 ||| READING scroll labelled ZEPSE DAAWIAGA.
  1445 | D:1      | 1445 ||| READING scroll labelled UDDIWO FUSAFODGH.
  1449 | D:1      | 1449 ||| READING scroll labelled USUCSON LYUW.
  1450 | D:1      | 1450 ||| READING scroll labelled NANTALIVYA.
  1630 | D:2      | Found a radiant altar of Vehumet.
  1653 | D:2      | 1653 ||| Stepping ~*~*~tactically~*~*~ (stealth).
  1654 | D:2      | 1654 ||| Stepping ~*~*~tactically~*~*~ (stealth).
  1656 | D:2      | 1656 ||| Stepping ~*~*~tactically~*~*~ (stealth).
  1800 | D:2      | 1800 ||| DROPPING +2 whip of electrocution.
  1806 | D:2      | Reached XP level 4. HP: 28/28 MP: 4/4
  1877 | D:2      | 1877 ||| UPGRADING to +0 chain mail.
  1887 | D:2      | 1887 ||| DROPPING +0 scale mail.
  1888 | D:2      | 1888 ||| READING scroll labelled AVYAZX KUIN.
  2008 | D:3      | 2008 ||| STAIRDANCE
  2027 | D:3      | Noticed Sigmund
  2034 | D:3      | Reached skill level 4 in Axes
  2037 | D:3      | HP: 6/28 [gnoll/+0 whip (5)]
  2038 | D:3      | Slain by a gnoll

Levels and vault maps discovered:
D:1:      amcnicky_arrival_feature_with_door, layout_loops_corners,
          serial_forest, infiniplex_forest_corner_2,
          infiniplex_forest_clump_diagonal, infiniplex_forest_clump_long,
          infiniplex_forest_straight_5, infiniplex_forest_clump_tiny,
          infiniplex_forest_lined_1
D:2:      layout_rooms, basic_altar, minmay_worlds_worst_comb
D:3:      layout_basic, serial_shops, shop, uniq_sigmund

Skill      XL: |  1  2  3  4 |
---------------+-------------+-----
Axes           | 2 3 4 |  4.0
Fighting       | |  3.2
Armour         | |  3.2
Shields        | |  3.2

Action                     |  1- 3 |  4- 6 || total
---------------------------+-------+-------++-------
  Melee: War axe           |   121 |    13 ||   134
    Use: Scroll            |     4 |     1 ||     5
 Armour: Scale mail        |    48 |     1 ||    49
         Chain mail        |       |    18 ||    18
  Dodge: Dodged            |    43 |     6 ||    49
  Block: Buckler           |    14 |     2 ||    16

Table legend:
 A = Non-vault XP
 B = Vault XP
 C = Vault XP percentage of total XP
 D = Non-vault monster count
 E = Vault monster count
 F = Vault count percentage of total count
                 A         B        C        D         E       F
            +---------+---------+-------+---------+---------+-------
      Total |      95 |       6 |   5.9 |      44 |       3 |   6.4
            +---------+---------+-------+---------+---------+-------
        D:1 |      48 |       0 |   0.0 |      25 |       0 |   0.0
        D:2 |      32 |       6 |  15.8 |      17 |       3 |  15.0
        D:3 |      15 |       0 |   0.0 |       2 |       0 |   0.0
            +---------+---------+-------+---------+---------+-------
